 Dungeon Crawl Stone Soup version 0.28.0-47-ge53b351184 (webtiles) character file.

Game seed: 8270503986097964868

222 DearestLeader the Shield-Bearer (level 5, -6/47 HPs)
             Began as a Gnoll Fighter on Apr 25, 2022.
             Mangled by a small abomination (16 damage)
             ... on level 1 of the Abyss.
             The game lasted 00:03:57 (2349 turns).

DearestLeader the Shield-Bearer (Gnoll Fighter)     Turns: 2349, Time: 00:03:58

Health: -6/47      AC: 11    Str: 15 (18) XL:     5   Next: 99%
Magic:  7/7        EV:  9    Int:  4 (7)  God:
Gold:   60         SH:  5    Dex:  9 (11) Spells: 7/7 levels left

rFire   . . .      SeeInvis .   a - +1 war axe (freeze)
rCold   + . .      Faith    .   c - +0 buckler
rNeg    . . .      Spirit   .   b - +0 scale mail
rPois   .          Reflect  .   d - +2 helmet
rElec   .          Harm     .   (no cloak)
rCorr   .          Rampage  .   (no gloves)
Will    .....                   (no boots)
Stlth   ..........              (no amulet)
HPRegen 0.00/turn               j - ring of protection from cold
MPRegen 0.10/turn               (no ring)

@: sick
A: fangs 1, strong nose, distributed training
a: no special abilities


You were on level 1 of the Abyss.
You visited 1 branch of the dungeon, and saw 3 of its levels.
You visited the Abyss 1 time.

You collected 60 gold pieces.

Inventory:

Hand Weapons
 a - a +1 war axe of freezing (weapon)
 k - a +3 mace
Armour
 b - a +0 scale mail (worn)
 c - a +0 buckler (worn)
 d - a +2 helmet (worn)
Jewellery
 j - a ring of protection from cold (left hand)
Scrolls
 l - a scroll of vulnerability
Potions
 e - 2 potions of degeneration
 f - a potion of curing


   Skills:
 + Level 6.7 Fighting
 + Level 1.7 Short Blades
 + Level 1.7 Long Blades
 + Level 4.9 Axes
 + Level 1.7 Maces & Flails
 + Level 1.7 Polearms
 + Level 1.7 Staves
 + Level 1.7 Slings
 + Level 1.7 Bows
 + Level 1.7 Crossbows
 + Level 1.7 Throwing
 + Level 6.7 Armour
 + Level 1.7 Dodging
 + Level 1.7 Stealth
 + Level 6.7 Shields
 + Level 1.7 Unarmed Combat
 + Level 1.7 Spellcasting
 + Level 1.3 Conjurations
 + Level 1.3 Hexes
 + Level 1.3 Summonings
 + Level 1.3 Necromancy
 + Level 1.3 Translocations
 + Level 1.3 Transmutations
 + Level 1.3 Fire Magic
 + Level 1.3 Ice Magic
 + Level 1.3 Air Magic
 + Level 1.3 Earth Magic
 + Level 1.3 Poison Magic
 + Level 1.9 Invocations
 + Level 1.7 Evocations


You had 7 spell levels left.
You didn't know any spells.
Your spell library contained the following spells:

 Spells                   Type           Power      Damage    Failure   Level
 Petrify                  Tmut/Erth      1%         N/A       100%        4
 Iskenderun's Battlesphe  Conj           1%         2d6       100%        5
 Metabolic Englaciation   Hex/Ice        0%         N/A       100%        5
 Iron Shot                Conj/Erth      0%         9d1       100%        6
 Statue Form              Tmut/Erth      0%         N/A       100%        6
 Spellforged Servitor     Conj/Summ      0%         N/A       100%        7


Dungeon Overview and Level Annotations

Branches:
Dungeon (3/15)

Altars:

Annotations:
D:3 Sigmund


Innate Abilities, Weirdness & Mutations

You have very sharp teeth.
Your uncanny sense of smell can sniff out nearby items.
Your experience applies equally to all skills.


Message History

The purple very ugly thing tail-slaps your small abomination.
The large abomination hits your smoke demon but does no damage.
Your small abomination hits the purple very ugly thing!!
Your ynoxinul hits the purple very ugly thing but does no damage.
Your smoke demon hits the large abomination.
Your smoke demon barely misses the large abomination.
Your smoke demon hits the large abomination but does no damage.
The large abomination hits your smoke demon.
Your smoke demon gestures at the large abomination.
The large abomination is smitten.
Something completely misses your smoke demon.
Your smoke demon barely misses the large abomination.
Your smoke demon hits the large abomination but does no damage. x2
The large abomination hits your smoke demon.
Your smoke demon gestures at the large abomination.
The large abomination is smitten.
Something closely misses your smoke demon.
The large abomination hits your smoke demon but does no damage.
Your smoke demon hits the large abomination but does no damage. x3
Something tail-slaps your smoke demon!
Something hits your smoke demon but does no damage.
Something barely misses your smoke demon.
A starcursed mass comes into view.
A starcursed mass splits.
A starcursed mass splits. x2
A starcursed mass splits.
A chorus of shrieks assaults your mind.
* * * LOW HITPOINT WARNING * * *
A starcursed mass splits.
A starcursed mass splits.
A starcursed mass splits.
A small abomination comes into view.
A starcursed mass splits.
A large abomination comes into view.
The small abomination hits your small abomination!!
Your small abomination is destroyed!
Your small abomination dissolves into shadows!
A wretched star comes into view.
The small abomination hits you!
You die...

.# ..#. #### ..#..
#...# . ..#.#
##.#..
.ยง##...#..#.#..
#..#.#.#.....##
#..#....#..... #
#.#.X.@......# ..
##....x*...#... #.
##......#....#
#.#...#.#..#....#
.
#..#....##..####..
#.......#.#...# .
...###.###x.... .
##....#. ....#
#.#X.#..# ...##


You could see a wretched star, a large abomination and a small abomination.

Vanquished Creatures
  3 orc priests (D:2)
  An orc wizard (D:2)
  Robin (D:2)
  2 adders
  2 worms (D:2)
  A dart slug (D:3)
  6 bats
  4 endoplasms
  3 giant cockroaches
  13 goblins
  8 hobgoblins
  4 jackals (D:1)
  4 quokkas
  2 ball pythons (D:2)
  2 frilled lizards
  6 kobolds
  7 rats
69 creatures vanquished.

Notes
Turn   | Place    | Note
-------+----------+-------------------------------------------
     0 | D:1      | DearestLeader the Gnoll Fighter began the quest for the
                  | Orb.
     0 | D:1      | Reached XP level 1. HP: 23/23 MP: 1/1
    47 | D:1      | Reached XP level 2. HP: 28/29 MP: 2/2
   144 | D:1      | Reached XP level 3. HP: 34/35 MP: 3/3
   519 | D:1      | Reached skill level 1 in Invocations
   849 | D:2      | Reached skill level 1 in Short Blades
   849 | D:2      | Reached skill level 1 in Long Blades
   849 | D:2      | Reached skill level 1 in Maces & Flails
   849 | D:2      | Reached skill level 1 in Polearms
   849 | D:2      | Reached skill level 1 in Staves
   849 | D:2      | Reached skill level 1 in Slings
   849 | D:2      | Reached skill level 1 in Bows
   849 | D:2      | Reached skill level 1 in Crossbows
   849 | D:2      | Reached skill level 1 in Throwing
   849 | D:2      | Reached skill level 1 in Dodging
   849 | D:2      | Reached skill level 1 in Stealth
   849 | D:2      | Reached skill level 1 in Unarmed Combat
   849 | D:2      | Reached skill level 1 in Spellcasting
   849 | D:2      | Reached skill level 1 in Evocations
   849 | D:2      | Reached XP level 4. HP: 10/41 MP: 5/5
   850 | D:2      | Reached skill level 1 in Conjurations
   850 | D:2      | Reached skill level 1 in Hexes
   850 | D:2      | Reached skill level 1 in Summonings
   850 | D:2      | Reached skill level 1 in Necromancy
   850 | D:2      | Reached skill level 1 in Translocations
   850 | D:2      | Reached skill level 1 in Transmutations
   850 | D:2      | Reached skill level 1 in Fire Magic
   850 | D:2      | Reached skill level 1 in Ice Magic
   850 | D:2      | Reached skill level 1 in Air Magic
   850 | D:2      | Reached skill level 1 in Earth Magic
   850 | D:2      | Reached skill level 1 in Poison Magic
   852 | D:2      | Reached XP level 5. HP: 13/47 MP: 5/7
  1133 | D:2      | Noticed Robin
  1140 | D:2      | Killed Robin
  1567 | D:2      | Found a faded altar of an unknown god.
  2213 | D:3      | Noticed Sigmund
  2221 | D:3      | Cast into level 1 of the Abyss (Sigmund)
  2273 | Abyss:1  | Noticed a toenail golem
  2273 | Abyss:1  | Noticed a small abomination
  2280 | Abyss:1  | Noticed a large abomination
  2289 | Abyss:1  | Noticed a large abomination
  2295 | Abyss:1  | Noticed a purple very ugly thing
  2296 | Abyss:1  | Noticed an ancient zyme
  2299 | Abyss:1  | Noticed a starcursed mass
  2307 | Abyss:1  | Noticed a large abomination
  2325 | Abyss:1  | Noticed a starcursed mass
  2338 | Abyss:1  | Noticed a small abomination
  2344 | Abyss:1  | Noticed a large abomination
  2348 | Abyss:1  | Noticed a wretched star
  2349 | Abyss:1  | Mangled by a small abomination

Illustrated notes

Levels and vault maps discovered:
D:1:      lightli_arrival_maybe_door_vault, layout_rooms, minmay_tromino_v4_b
D:2:      layout_loops_corners, hellmonk_ecumenical_altar_run_dry, uniq_robin
D:3:      layout_rooms, chequers_avenue, uniq_sigmund
Abyss:1:  base:
Temple

Skill      XL: |  1  2  3  4 |
---------------+-------------+-----
Invocations    | 1 |  1.9
Short Blades   | 1 |  1.7
Long Blades    | 1 |  1.7
Maces & Flails | 1 |  1.7
Polearms       | 1 |  1.7
Staves         | 1 |  1.7
Slings         | 1 |  1.7
Bows           | 1 |  1.7
Crossbows      | 1 |  1.7
Throwing       | 1 |  1.7
Dodging        | 1 |  1.7
Stealth        | 1 |  1.7
Unarmed Combat | 1 |  1.7
Spellcasting   | 1 |  1.7
Evocations     | 1 |  1.7
Conjurations   | 1 |  1.3
Hexes          | 1 |  1.3
Summonings     | 1 |  1.3
Necromancy     | 1 |  1.3
Translocations | 1 |  1.3
Transmutations | 1 |  1.3
Fire Magic     | 1 |  1.3
Ice Magic      | 1 |  1.3
Air Magic      | 1 |  1.3
Earth Magic    | 1 |  1.3
Poison Magic   | 1 |  1.3
Fighting       | |  6.7
Axes           | |  4.9
Armour         | |  6.7
Shields        | |  6.7

Action                   |  1- 3 |  4- 6 || total
-------------------------+-------+-------++-------
Melee: War axe           |    97 |    76 ||   173
       Bite              |     7 |     7 ||    14
  Use: Potion            |     1 |     2 ||     3
       Scroll            |       |     7 ||     7
Armor: Scale mail        |    50 |    36 ||    86
Dodge: Dodged            |    39 |    28 ||    67
Block: Buckler           |    42 |    16 ||    58
